cohdb
Replays
Latest Replays
All Replays
Popular Replays
Top Player Replays
Match Explorer
How It Works
Community
CoH3 Stats
Reddit
Sign in to upload your games and track your stats! →
Sign in with Steam
finally beat Wehr Demon
Match 12178918
Overview
Messages
Build Orders
End
Construct Section Command Post
Vickers Machine Gun Team
Infantry Section
Infantry Section
Infantry Section
Construct Field Infirmary
Construct Platoon Command Post
Selects Air and Sea Battlegroup
Selects Supply Surplus
6-pounder Anti-tank Gun Team
Royal Engineer Section
Grenade Package
Selects Centaur Medium Tank
Centaur Medium Tank
Centaur Medium Tank
Armored Vehicle Training
Wolfe
安藤正术
0
0
Comments
sign in to comment!
No comments posted yet!